Moose vs Devils
Created - March 21, 2022 at 19:41
Goals
|
| Moose |
0 |
1 |
3 |
4 |
| Devils |
4 |
2 |
1 |
7 |
|
Shots
|
| Moose |
6 |
11 |
16 |
33 |
| Devils |
13 |
9 |
8 |
30 |
|
1st period
1. Devils , Brett Seney 7 (Conor Garland 9, Joonas Donskoi 24) at 6:44
2. Devils , Sven Baertschi 23 (Logan Shaw 38) at 12:51
3. Devils , Logan Shaw 35 (Robbie Russo 5) at 14:48
4. Devils , Sam Bennett 18 (Brett Seney 17, Robbie Russo 6) at 17:11
Penalties :
No Penalty
2nd period
5. Devils , Brett Seney 8 (Conor Garland 10, Reid Boucher 6) at 6:37
6. Devils , Brett Seney 9 (Conor Garland 11) at 9:02
7. Moose , Travis Sanheim 4 (Iiro Pakarinen 29, Troy Stetcher 50) at 17:13 (PP)
Penalties :
Michael McLeod (Man) for Roughing (Minor) at 9:09, Christian Wolanin (Bin) for Interference (Minor) at 16:40, Reid Boucher (Bin) for Goalie Interference (Minor) at 19:28
3rd period
8. Moose , Troy Stetcher 14 (Michael McLeod 9) at 0:04 (PP)
9. Moose , Frank Vatrano 20 (Miro Aaltonen 47) at 5:47
10. Devils , Sam Bennett 19 (Logan Shaw 39, Brandon Carlo 20) at 6:01
11. Moose , Jeremy Bracco 8 (Michael McLeod 10, Rem Pitlick 8) at 18:11
Penalties :
Ludwig Bystrom (Man) for Delaying the game (Minor) at 15:45
Goalie Stats
Filip Gustavsson (Man), 17 saves from 20 shots - (0.850), L, 12-10-3, 42:49 minutes
Emil Larmi (Man), 6 saves from 10 shots - (0.600), 17:11 minutes
Calvin Pickard (Bin), 29 saves from 33 shots - (0.879), W, 12-19-2, 60:00 minutes
Players Stats for Moose
Player Name G A P +/- PIM S H SB GA TA FO MP PP MP PK MP
------------------------------------------------------------------------------------
Carl Grundstrom 0 0 0 0 0 0 0 0 0 0 0/0 11:48 0:00 0:00
Chase De Leo 0 0 0 0 0 2 0 0 0 0 3/7 13:41 0:00 1:53
Dominik Kahun 0 0 0 -3 0 0 0 0 0 0 6/8 15:46 0:00 0:53
Erik Cernak 0 0 0 -3 0 0 2 1 0 1 0/0 17:35 0:00 1:58
Frank Vatrano 1 0 1 0 0 5 3 2 1 1 0/2 20:52 0:00 1:12
Iiro Pakarinen 0 1 1 -3 0 2 4 1 1 0 0/0 16:53 1:09 1:05
Jeremy Bracco 1 0 1 -2 0 1 0 0 0 0 1/1 8:29 0:00 0:00
Ludwig Bystrom 0 0 0 -2 2 2 3 1 0 2 0/0 23:02 0:00 1:11
Michael McLeod 0 2 2 -2 2 0 1 0 0 0 2/6 20:14 1:09 0:00
Mirco Mueller 0 0 0 -4 0 2 0 0 0 0 0/0 14:34 0:00 2:21
Miro Aaltonen 0 1 1 0 0 4 0 2 1 1 15/36 21:01 1:09 0:00
Nathan Walker 0 0 0 0 0 1 0 1 0 0 0/1 7:21 0:00 0:00
Nikolay Goldobin 0 0 0 -3 0 1 0 0 0 0 0/1 17:25 0:00 1:54
Pierre-Luc Dubois 0 0 0 0 0 0 2 1 0 0 0/0 13:22 0:00 0:59
Rem Pitlick 0 1 1 -2 0 2 1 0 0 1 0/0 8:52 0:00 0:00
Travis Sanheim 1 0 1 1 0 3 1 1 2 0 0/0 23:04 1:09 0:49
Troy Stetcher 1 1 2 -2 0 5 0 1 2 0 0/0 22:44 1:09 0:00
Vladislav Gavrikov 0 0 0 0 0 3 0 1 0 0 0/0 19:17 0:00 1:37
Players Stats for Devils
Player Name G A P +/- PIM S H SB GA TA FO MP PP MP PK MP
------------------------------------------------------------------------------------
Alan Quine 0 0 0 0 0 1 3 0 2 1 9/17 17:39 1:44 0:00
Ben Hutton 0 0 0 1 0 1 0 3 1 0 0/0 23:32 2:10 1:09
Brandon Carlo 0 1 1 1 0 0 2 1 0 2 0/0 23:32 2:10 1:09
Brett Howden 0 0 0 0 0 0 1 0 0 0 1/1 6:23 0:00 0:00
Brett Seney 3 1 4 3 0 6 1 1 1 0 0/0 14:56 0:00 0:00
Christian Wolanin 0 0 0 1 2 0 0 1 0 0 0/0 11:59 0:00 0:00
Conor Garland 0 3 3 3 0 2 2 0 0 0 0/1 14:56 0:00 0:00
Cristiano Digiacinto 0 0 0 0 0 0 0 0 0 0 0/0 1:36 0:13 0:00
Dalton Thrower 0 0 0 1 0 0 1 1 0 0 0/0 17:46 1:48 0:00
Darren Dietz 0 0 0 1 0 1 0 0 0 1 0/0 17:46 1:48 0:00
Jake Bean 0 0 0 2 0 0 0 1 0 0 0/0 6:42 0:00 0:00
Joonas Donskoi 0 1 1 0 0 1 1 0 1 0 0/0 17:39 1:44 0:00
Logan Shaw 1 2 3 2 0 9 1 0 0 2 5/6 25:49 2:01 1:09
Mason Marchment 0 0 0 0 0 0 0 0 0 0 0/0 6:23 0:00 0:00
Reid Boucher 0 1 1 3 2 2 1 0 0 0 3/7 15:08 0:13 0:00
Robbie Russo 0 2 2 1 0 0 2 0 0 0 0/0 12:00 0:00 0:00
Sam Bennett 2 0 2 2 0 4 2 0 1 0 15/28 19:40 2:01 0:00
Sven Baertschi 1 0 1 2 0 3 0 0 0 0 2/2 21:02 2:14 1:09
Valeri Nichushkin 0 0 0 0 0 0 2 0 0 1 0/0 17:39 1:44 0:00
Vincent Desharnais 0 0 0 2 0 0 0 0 0 0 0/0 6:42 0:00 0:00
3 Stars
1 - Brett Seney (Bin)
2 - Sam Bennett (Bin)
3 - Logan Shaw (Bin)
Power Play
Moose - 2 on 2 Attempt(s) - 100.00%
Devils - 0 on 2 Attempt(s) - 0.00%
Penalty Kill
Moose - 2 on 2 Attempt(s) - 100.00%
- Score 0 goal in Penalty Kill
Devils - 0 on 2 Attempt(s) - 0.00%
- Score 0 goal in Penalty Kill
Team Stat
Moose - Hits : 17 - Faceoff Wins : 27 - Blocked Shots : 12 - Penalty Minutes : 4
Devils - Hits : 19 - Faceoff Wins : 35 - Blocked Shots : 8 - Penalty Minutes : 4
Official
Referees : Chris Lee and Tim Peel
Linesman : Greg Devorski and Travis Gawryletz
Game Notes
Filip Gustavsson enters game at 17:11 of 1st period
Nathan Walker is injured at 3:02 of 2nd period (Sprained Right Finger)
Brett Seney has scored a Hat Trick!
Darren Dietz is injured at 19:41 of 3rd period (Broken Left Index Finger)
Finance
Level 1 -- Attendance: 1988 (99.40%) -- Ticket Income $69,580
Level 2 -- Attendance: 957 (95.70%) -- Ticket Income $14,355
Total Attendance: 2945 (98.17%)
Total Ticket Income: $83,935
Other Income: $4,197
Total Income: $88,132
Moose
5 vs 5 Forward
Center Left Wing Right Wing Time % Phy DF OF
1 Miro Aaltonen Nathan Walker Frank Vatrano 40 1 2 2
2 Dominik Kahun Nikolay Goldobin Iiro Pakarinen 30 1 2 2
3 Michael McLeod Rem Pitlick Jeremy Bracco 20 1 2 2
4 Chase De Leo Pierre-Luc Dubois Carl Grundstrom 10 1 2 2
5 vs 5 Defense
Defense Defense Time % Phy DF OF
1 Troy Stetcher Ludwig Bystrom 40 1 2 2
2 Vladislav Gavrikov Travis Sanheim 30 1 2 2
3 Mirco Mueller Erik Cernak 20 1 2 2
4 Travis Sanheim Erik Cernak 10 1 2 2
PowerPlay Forward
Center Left Wing Right Wing Time % Phy DF OF
1 Miro Aaltonen Nathan Walker Iiro Pakarinen 60 1 2 2
2 Dominik Kahun Nikolay Goldobin Frank Vatrano 40 1 2 2
PowerPlay Defense
Defense Defense Time % Phy DF OF
1 Troy Stetcher Travis Sanheim 60 1 2 2
2 Vladislav Gavrikov Ludwig Bystrom 40 1 2 2
Penalty Kill 4 Players Forward
Center Wing Time % Phy DF OF
1 Frank Vatrano Nikolay Goldobin 60 1 2 2
2 Nathan Walker Iiro Pakarinen 40 1 2 2
Penalty Kill 4 Players Defense
Defense Defense Time % Phy DF OF
1 Mirco Mueller Ludwig Bystrom 60 1 2 2
2 Vladislav Gavrikov Erik Cernak 40 1 2 2
Penalty Kill - 3 Players Forward
Forward Time % Phy DF OF
1 Iiro Pakarinen 60 1 2 2
2 Miro Aaltonen 40 1 2 2
Penalty Kill - 3 Players Defense
Defense Defense Time % Phy DF OF
1 Mirco Mueller Ludwig Bystrom 60 1 2 2
2 Vladislav Gavrikov Erik Cernak 40 1 2 2
4 vs 4 Forward
Center Wing Time % Phy DF OF
1 Iiro Pakarinen Miro Aaltonen 60 1 2 2
2 Dominik Kahun Frank Vatrano 40 1 2 2
4 vs 4 Defense
Defense Defense Time % Phy DF OF
1 Troy Stetcher Ludwig Bystrom 60 1 2 2
2 Vladislav Gavrikov Travis Sanheim 40 1 2 2
Last Minutes Offensive
Center Left Wing Right Wing Defense Defense
Miro Aaltonen Nathan Walker Iiro Pakarinen Troy Stetcher Travis Sanheim
Last Minutes Defensive
Center Left Wing Right Wing Defense Defense
Miro Aaltonen Nathan Walker Iiro Pakarinen Mirco Mueller Ludwig Bystrom
Goaltenders
Starting : Emil Larmi
Backup : Filip Gustavsson
Extra Forwards
Normal : Michael McLeod, Nathan Walker, Frank Vatrano - PP : Michael McLeod, Rem Pitlick - PK : Michael McLeod
Extra Defensemen
Normal : Mirco Mueller, Erik Cernak, Vladislav Gavrikov - PP : Vladislav Gavrikov - PK : Ludwig Bystrom, Vladislav Gavrikov
Penalty Shots
Nathan Walker, Miro Aaltonen, Michael McLeod, Nikolay Goldobin, Rem Pitlick
Scratches
David Kase (Healthy), Jesse Graham (Healthy), Matthew Benning (Healthy), Mitchell Stephens (Healthy), Oskar Lindblom (Healthy)
Julien Gauthier (Healthy), Josh Mahura (Healthy), Max Jones (Healthy), Nathan Bastian (Healthy), Tim Gettinger (Healthy)
Joey Daccord (Healthy), Magnus Hellberg (Healthy)
Devils
5 vs 5 Forward
Center Left Wing Right Wing Time % Phy DF OF
1 Sam Bennett Sven Baertschi Logan Shaw 40 1 2 2
2 Alan Quine Valeri Nichushkin Joonas Donskoi 30 1 2 2
3 Reid Boucher Brett Seney Conor Garland 20 1 2 2
4 Brett Howden Mason Marchment Logan Shaw 10 1 2 2
5 vs 5 Defense
Defense Defense Time % Phy DF OF
1 Brandon Carlo Ben Hutton 40 1 2 2
2 Darren Dietz Dalton Thrower 30 1 2 2
3 Robbie Russo Christian Wolanin 20 1 2 2
4 Jake Bean Vincent Desharnais 10 1 2 2
PowerPlay Forward
Center Left Wing Right Wing Time % Phy DF OF
1 Sam Bennett Sven Baertschi Logan Shaw 60 1 2 2
2 Alan Quine Valeri Nichushkin Joonas Donskoi 40 1 2 2
PowerPlay Defense
Defense Defense Time % Phy DF OF
1 Brandon Carlo Ben Hutton 60 1 2 2
2 Darren Dietz Dalton Thrower 40 1 2 2
Penalty Kill 4 Players Forward
Center Wing Time % Phy DF OF
1 Logan Shaw Sven Baertschi 60 1 2 2
2 Sam Bennett Joonas Donskoi 40 1 2 2
Penalty Kill 4 Players Defense
Defense Defense Time % Phy DF OF
1 Brandon Carlo Ben Hutton 60 1 2 2
2 Darren Dietz Dalton Thrower 40 1 2 2
Penalty Kill - 3 Players Forward
Forward Time % Phy DF OF
1 Logan Shaw 60 1 2 2
2 Sven Baertschi 40 1 2 2
Penalty Kill - 3 Players Defense
Defense Defense Time % Phy DF OF
1 Brandon Carlo Ben Hutton 60 1 2 2
2 Darren Dietz Dalton Thrower 40 1 2 2
4 vs 4 Forward
Center Wing Time % Phy DF OF
1 Logan Shaw Sven Baertschi 60 1 2 2
2 Sam Bennett Joonas Donskoi 40 1 2 2
4 vs 4 Defense
Defense Defense Time % Phy DF OF
1 Brandon Carlo Ben Hutton 60 1 2 2
2 Darren Dietz Dalton Thrower 40 1 2 2
Last Minutes Offensive
Center Left Wing Right Wing Defense Defense
Sam Bennett Sven Baertschi Logan Shaw Brandon Carlo Ben Hutton
Last Minutes Defensive
Center Left Wing Right Wing Defense Defense
Sam Bennett Sven Baertschi Logan Shaw Brandon Carlo Ben Hutton
Goaltenders
Starting : Calvin Pickard
Backup : Juuse Saros
Extra Forwards
Normal : Cristiano Digiacinto, Reid Boucher, Conor Garland - PP : Cristiano Digiacinto, Reid Boucher - PK : Conor Garland
Extra Defensemen
Normal : Robbie Russo, Christian Wolanin, Jake Bean - PP : Robbie Russo - PK : Christian Wolanin, Jake Bean
Penalty Shots
Logan Shaw, Sven Baertschi, Sam Bennett, Joonas Donskoi, Valeri Nichushkin
Scratches
Ilya Lyubushkin (Healthy), Jonny Brodzinski (Healthy)
% Time on Ice - Moose
Lines # - Real PCT - Wanted PCT - Time Play
Normal Forward
1 - 37% - 40% - 20:09
2 - 26% - 30% - 14:27
3 - 15% - 20% - 8:29
4 - 22% - 10% - 11:48
Normal Defense
1 - 40% - 40% - 22:02
2 - 31% - 30% - 17:13
3 - 21% - 20% - 11:45
4 - 7% - 10% - 3:53
PP Forward
1 - 100% - 60% - 1:09
2 - 0% - 40% - 0:00
PP Defense
1 - 100% - 60% - 1:09
2 - 0% - 40% - 0:00
PK Forward
1 - 73% - 60% - 2:53
2 - 27% - 40% - 1:05
PK Defense
1 - 80% - 60% - 3:10
2 - 20% - 40% - 0:48
PK3 Forward
1 - 0% - 60%
2 - 0% - 40%
PK3 Defense
1 - 0% - 60%
2 - 0% - 40%
44 Forward
1 - 0% - 60%
2 - 0% - 40%
44 Defense
1 - 0% - 60%
2 - 0% - 40%
Last Minute Offensive - 0:00
Last Minute Defensive - 0:00
Total
Forward - 60:00
Defense - 60:00
|
% Time on Ice - Devils
Lines # - Real PCT - Wanted PCT - Time Play
Normal Forward
1 - 32% - 40% - 17:39
2 - 29% - 30% - 15:55
3 - 27% - 20% - 14:56
4 - 12% - 10% - 6:23
Normal Defense
1 - 37% - 40% - 20:13
2 - 29% - 30% - 15:58
3 - 22% - 20% - 12:00
4 - 12% - 10% - 6:42
PP Forward
1 - 56% - 60% - 2:14
2 - 44% - 40% - 1:44
PP Defense
1 - 55% - 60% - 2:10
2 - 45% - 40% - 1:48
PK Forward
1 - 100% - 60% - 1:09
2 - 0% - 40% - 0:00
PK Defense
1 - 100% - 60% - 1:09
2 - 0% - 40% - 0:00
PK3 Forward
1 - 0% - 60%
2 - 0% - 40%
PK3 Defense
1 - 0% - 60%
2 - 0% - 40%
44 Forward
1 - 0% - 60%
2 - 0% - 40%
44 Defense
1 - 0% - 60%
2 - 0% - 40%
Last Minute Offensive - 0:00
Last Minute Defensive - 0:00
Total
Forward - 60:00
Defense - 60:00
|
Play-by-Play
1st period
0:01 of 1st period - Sam Bennett wins face-off versus Miro Aaltonen in neutral zone.
0:12 of 1st period - Snap shot by Logan Shaw.
0:12 of 1st period - Stopped by Emil Larmi with a rebound.
0:14 of 1st period - Slapshot by Logan Shaw.
0:14 of 1st period - Stopped by Emil Larmi without a rebound.
0:15 of 1st period - Dominik Kahun wins face-off versus Alan Quine in Moose zone.
1:07 of 1st period - Nathan Walker is hit by Robbie Russo and loses puck.
1:55 of 1st period - Off-side.
1:56 of 1st period - Miro Aaltonen wins face-off versus Alan Quine in neutral zone.
3:05 of 1st period - Icing by Logan Shaw.
3:06 of 1st period - Brett Howden wins face-off versus Chase De Leo in Devils zone.
3:17 of 1st period - Logan Shaw is hit by Travis Sanheim and loses puck.
3:56 of 1st period - Troy Stetcher is hit by Brett Howden and loses puck.
4:20 of 1st period - Snap shot by Logan Shaw.
4:20 of 1st period - Shot Misses the Net.
4:34 of 1st period - Snap shot by Logan Shaw.
4:34 of 1st period - Shot Blocked by Ludwig Bystrom.
4:44 of 1st period - Logan Shaw is hit by Ludwig Bystrom.
5:03 of 1st period - Slapshot by Darren Dietz.
5:03 of 1st period - Shot Hit the Post.
5:27 of 1st period - Wrist shot by Chase De Leo.
5:27 of 1st period - Deflect By Carl Grundstrom.
5:27 of 1st period - Shot Blocked by Dalton Thrower.
5:27 of 1st period - Puck is out of play.
5:28 of 1st period - Miro Aaltonen wins face-off versus Alan Quine in Devils zone.
6:07 of 1st period - Off-side.
6:08 of 1st period - Alan Quine wins face-off versus Miro Aaltonen in neutral zone.
6:14 of 1st period - Off-side.
6:15 of 1st period - Alan Quine wins face-off versus Miro Aaltonen in neutral zone.
6:44 of 1st period - Wrist shot by Brett Seney.
6:44 of 1st period - Goal by Brett Seney - Moose : 0 - Devils : 1.
6:45 of 1st period - Miro Aaltonen wins face-off versus Alan Quine in neutral zone.
6:57 of 1st period - Travis Sanheim is hit by Brandon Carlo and loses puck.
7:01 of 1st period - Icing by Joonas Donskoi.
7:02 of 1st period - Dominik Kahun wins face-off versus Alan Quine in Devils zone.
7:29 of 1st period - Wrist shot by Brett Seney.
7:29 of 1st period - Shot Hit the Post.
8:25 of 1st period - Snap shot by Reid Boucher.
8:25 of 1st period - Stopped by Emil Larmi with a rebound.
8:27 of 1st period - Wrist shot by Brett Seney.
8:27 of 1st period - Stopped by Emil Larmi without a rebound.
8:28 of 1st period - Jeremy Bracco wins face-off versus Reid Boucher in Moose zone.
8:55 of 1st period - Snap shot by Logan Shaw.
8:55 of 1st period - Shot Misses the Net.
9:40 of 1st period - Wrist shot by Conor Garland.
9:40 of 1st period - Shot Misses the Net.
9:42 of 1st period - Slapshot by Conor Garland.
9:42 of 1st period - Stopped by Emil Larmi with a rebound.
10:36 of 1st period - Off-side.
10:37 of 1st period - Dominik Kahun wins face-off versus Reid Boucher in neutral zone.
11:31 of 1st period - Snap shot by Conor Garland.
11:31 of 1st period - Shot Blocked by Iiro Pakarinen.
12:03 of 1st period - Wrist shot by Nikolay Goldobin.
12:03 of 1st period - Stopped by Calvin Pickard without a rebound.
12:04 of 1st period - Miro Aaltonen wins face-off versus Sam Bennett in Devils zone.
12:05 of 1st period - Wrist shot by Frank Vatrano.
12:05 of 1st period - Shot Misses the Net.
12:20 of 1st period - Wrist shot by Nathan Walker.
12:20 of 1st period - Stopped by Calvin Pickard with a rebound.
12:32 of 1st period - Snap shot by Rem Pitlick.
12:32 of 1st period - Stopped by Calvin Pickard with a rebound.
12:34 of 1st period - Slapshot by Vladislav Gavrikov.
12:34 of 1st period - Stopped by Calvin Pickard with a rebound.
12:36 of 1st period - Slapshot by Vladislav Gavrikov.
12:36 of 1st period - Shot Misses the Net.
12:38 of 1st period - Snap shot by Rem Pitlick.
12:38 of 1st period - Stopped by Calvin Pickard with a rebound.
12:40 of 1st period - Wrist shot by Vladislav Gavrikov.
12:40 of 1st period - Stopped by Calvin Pickard without a rebound.
12:41 of 1st period - Sven Baertschi wins face-off versus Michael McLeod in Devils zone.
12:46 of 1st period - Ludwig Bystrom is hit by Sam Bennett and loses puck.
12:51 of 1st period - Wrist shot by Sven Baertschi.
12:51 of 1st period - Goal by Sven Baertschi - Moose : 0 - Devils : 2.
12:52 of 1st period - Logan Shaw wins face-off versus Frank Vatrano in neutral zone.
14:29 of 1st period - Joonas Donskoi is hit by Frank Vatrano and loses puck.
14:46 of 1st period - Snap shot by Logan Shaw.
14:46 of 1st period - Shot Misses the Net.
14:48 of 1st period - Snap shot by Logan Shaw.
14:48 of 1st period - Goal by Logan Shaw - Moose : 0 - Devils : 3.
14:49 of 1st period - Logan Shaw wins face-off versus Nathan Walker in neutral zone.
14:52 of 1st period - Wrist shot by Logan Shaw.
14:52 of 1st period - Shot Blocked by Frank Vatrano.
14:54 of 1st period - Snap shot by Sam Bennett.
14:54 of 1st period - Shot Misses the Net.
15:04 of 1st period - Snap shot by Sven Baertschi.
15:04 of 1st period - Stopped by Emil Larmi with a rebound.
15:14 of 1st period - Valeri Nichushkin is hit by Erik Cernak and loses puck.
15:49 of 1st period - Sam Bennett is hit by Rem Pitlick and loses puck.
16:04 of 1st period - Dominik Kahun is hit by Brett Seney and loses puck.
16:31 of 1st period - Alan Quine is hit by Ludwig Bystrom.
17:11 of 1st period - Wrist shot by Sam Bennett.
17:11 of 1st period - Goal by Sam Bennett - Moose : 0 - Devils : 4.
17:11 of 1st period - Filip Gustavsson enters game.
17:12 of 1st period - Miro Aaltonen wins face-off versus Sam Bennett in neutral zone.
17:45 of 1st period - Icing by Joonas Donskoi.
17:46 of 1st period - Alan Quine wins face-off versus Miro Aaltonen in Devils zone.
18:15 of 1st period - Wrist shot by Sven Baertschi.
18:15 of 1st period - Stopped by Filip Gustavsson without a rebound.
18:16 of 1st period - Sam Bennett wins face-off versus Miro Aaltonen in Moose zone.
18:19 of 1st period - Slapshot by Sven Baertschi.
18:19 of 1st period - Shot Misses the Net.
18:21 of 1st period - Slapshot by Darren Dietz.
18:21 of 1st period - Shot Blocked by Frank Vatrano.
18:23 of 1st period - Snap shot by Sam Bennett.
18:23 of 1st period - Stopped by Filip Gustavsson with a rebound.
18:25 of 1st period - Slapshot by Dalton Thrower.
18:25 of 1st period - Deflect By Sam Bennett.
18:25 of 1st period - Shot Blocked by Travis Sanheim.
18:25 of 1st period - Puck is out of play.
18:26 of 1st period - Miro Aaltonen wins face-off versus Sam Bennett in Moose zone.
18:36 of 1st period - Off-side.
18:37 of 1st period - Sam Bennett wins face-off versus Miro Aaltonen in neutral zone.
18:46 of 1st period - Wrist shot by Logan Shaw.
18:46 of 1st period - Stopped by Filip Gustavsson with a rebound.
19:47 of 1st period - Slapshot by Sam Bennett.
19:47 of 1st period - Shot Misses the Net.
Goals for this period are 0 for Moose vs 4 for Devils.
Shots for this period are 6 for Moose vs 13 for Devils.
2nd period
0:01 of 2nd period - Miro Aaltonen wins face-off versus Sam Bennett in neutral zone.
0:06 of 2nd period - Slapshot by Travis Sanheim.
0:06 of 2nd period - Shot Blocked by Brandon Carlo.
0:33 of 2nd period - Wrist shot by Valeri Nichushkin.
0:33 of 2nd period - Shot Misses the Net.
1:26 of 2nd period - Backhand shot by Miro Aaltonen.
1:26 of 2nd period - Stopped by Calvin Pickard with a rebound.
1:28 of 2nd period - Wrist shot by Frank Vatrano.
1:28 of 2nd period - Stopped by Calvin Pickard with a rebound.
1:53 of 2nd period - Iiro Pakarinen is hit by Valeri Nichushkin and loses puck.
2:40 of 2nd period - Slapshot by Travis Sanheim.
2:40 of 2nd period - Stopped by Calvin Pickard with a rebound.
2:42 of 2nd period - Slapshot by Travis Sanheim.
2:42 of 2nd period - Shot Blocked by Jake Bean.
3:02 of 2nd period - Slapshot by Conor Garland.
3:02 of 2nd period - Shot Blocked by Nathan Walker.
3:02 of 2nd period - Nathan Walker from Moose is injured at 3:02 of 2nd period (Sprained Right Finger).
3:03 of 2nd period - Sven Baertschi wins face-off versus Michael McLeod in Moose zone.
3:18 of 2nd period - Snap shot by Frank Vatrano.
3:18 of 2nd period - Shot Hit the Post.
3:28 of 2nd period - Iiro Pakarinen is hit by Valeri Nichushkin and loses puck.
3:37 of 2nd period - Backhand shot by Joonas Donskoi.
3:37 of 2nd period - Stopped by Filip Gustavsson without a rebound.
3:38 of 2nd period - Miro Aaltonen wins face-off versus Sam Bennett in Moose zone.
3:40 of 2nd period - Icing by Frank Vatrano.
3:41 of 2nd period - Sam Bennett wins face-off versus Miro Aaltonen in Moose zone.
3:46 of 2nd period - Wrist shot by Logan Shaw.
3:46 of 2nd period - Stopped by Filip Gustavsson with a rebound.
3:57 of 2nd period - Troy Stetcher is hit by Dalton Thrower and loses puck.
4:10 of 2nd period - Erik Cernak is hit by Joonas Donskoi and loses puck.
4:15 of 2nd period - Snap shot by Alan Quine.
4:15 of 2nd period - Shot Misses the Net.
4:31 of 2nd period - Wrist shot by Reid Boucher.
4:31 of 2nd period - Stopped by Filip Gustavsson with a rebound.
4:33 of 2nd period - Backhand shot by Brett Seney.
4:33 of 2nd period - Deflect By Travis Sanheim.
4:33 of 2nd period - Shot Blocked by Pierre-Luc Dubois.
4:33 of 2nd period - Puck is out of play.
4:34 of 2nd period - Chase De Leo wins face-off versus Sam Bennett in Moose zone.
4:41 of 2nd period - Wrist shot by Chase De Leo.
4:41 of 2nd period - Shot Blocked by Ben Hutton.
4:43 of 2nd period - Slapshot by Troy Stetcher.
4:43 of 2nd period - Stopped by Calvin Pickard with a rebound.
4:45 of 2nd period - Slapshot by Ludwig Bystrom.
4:45 of 2nd period - Shot Hit the Post.
4:47 of 2nd period - Slapshot by Ludwig Bystrom.
4:47 of 2nd period - Stopped by Calvin Pickard without a rebound.
4:48 of 2nd period - Miro Aaltonen wins face-off versus Sam Bennett in Devils zone.
5:41 of 2nd period - Icing by Dalton Thrower.
5:42 of 2nd period - Reid Boucher wins face-off versus Michael McLeod in Devils zone.
5:59 of 2nd period - Wrist shot by Conor Garland.
5:59 of 2nd period - Stopped by Filip Gustavsson with a rebound.
6:01 of 2nd period - Slapshot by Darren Dietz.
6:01 of 2nd period - Shot Blocked by Troy Stetcher.
6:37 of 2nd period - Snap shot by Brett Seney.
6:37 of 2nd period - Goal by Brett Seney - Moose : 0 - Devils : 5.
6:38 of 2nd period - Sam Bennett wins face-off versus Miro Aaltonen in neutral zone.
9:02 of 2nd period - Slapshot by Brett Seney.
9:02 of 2nd period - Goal by Brett Seney - Moose : 0 - Devils : 6.
9:03 of 2nd period - Sam Bennett wins face-off versus Miro Aaltonen in neutral zone.
9:09 of 2nd period - Minor Penalty to Michael McLeod for Roughing.
9:10 of 2nd period - Sam Bennett wins face-off versus Frank Vatrano in Moose zone.
11:09 of 2nd period - Penalty to Michael McLeod is over, Michael McLeod is back on ice.
11:37 of 2nd period - Conor Garland is hit by Iiro Pakarinen.
12:02 of 2nd period - Troy Stetcher is hit by Robbie Russo and loses puck.
12:17 of 2nd period - Alan Quine is hit by Ludwig Bystrom and loses puck.
12:50 of 2nd period - Travis Sanheim is hit by Conor Garland and loses puck.
14:22 of 2nd period - Joonas Donskoi is hit by Pierre-Luc Dubois and loses puck.
15:21 of 2nd period - Nikolay Goldobin is hit by Logan Shaw.
16:35 of 2nd period - Icing by Reid Boucher.
16:36 of 2nd period - Dominik Kahun wins face-off versus Reid Boucher in Devils zone.
16:40 of 2nd period - Minor Penalty to Christian Wolanin for Interference.
16:41 of 2nd period - Logan Shaw wins face-off versus Miro Aaltonen in Devils zone.
17:11 of 2nd period - Slapshot by Travis Sanheim.
17:11 of 2nd period - Stopped by Calvin Pickard with a rebound.
17:13 of 2nd period - Slapshot by Travis Sanheim.
17:13 of 2nd period - Goal by Travis Sanheim - Moose : 1 - Devils : 6.
17:14 of 2nd period - Miro Aaltonen wins face-off versus Sam Bennett in neutral zone.
17:17 of 2nd period - Snap shot by Troy Stetcher.
17:17 of 2nd period - Stopped by Calvin Pickard without a rebound.
17:18 of 2nd period - Sam Bennett wins face-off versus Miro Aaltonen in Devils zone.
17:18 of 2nd period - Sam Bennett is hit by Frank Vatrano.
17:26 of 2nd period - Snap shot by Troy Stetcher.
17:26 of 2nd period - Stopped by Calvin Pickard with a rebound.
17:28 of 2nd period - Slapshot by Miro Aaltonen.
17:28 of 2nd period - Shot Blocked by Ben Hutton.
17:46 of 2nd period - Snap shot by Iiro Pakarinen.
17:46 of 2nd period - Stopped by Calvin Pickard with a rebound.
18:06 of 2nd period - Wrist shot by Brett Seney.
18:06 of 2nd period - Stopped by Filip Gustavsson with a rebound.
18:08 of 2nd period - Backhand shot by Darren Dietz.
18:08 of 2nd period - Stopped by Filip Gustavsson without a rebound.
18:09 of 2nd period - Chase De Leo wins face-off versus Conor Garland in Moose zone.
18:45 of 2nd period - Snap shot by Sam Bennett.
18:45 of 2nd period - Shot Misses the Net.
19:09 of 2nd period - Backhand shot by Alan Quine.
19:09 of 2nd period - Stopped by Filip Gustavsson with a rebound.
19:28 of 2nd period - Minor Penalty to Reid Boucher for Goalie Interference.
19:29 of 2nd period - Logan Shaw wins face-off versus Miro Aaltonen in Devils zone.
19:40 of 2nd period - Slapshot by Troy Stetcher.
19:40 of 2nd period - Deflect By Miro Aaltonen.
19:40 of 2nd period - Stopped by Calvin Pickard without a rebound.
19:41 of 2nd period - Logan Shaw wins face-off versus Miro Aaltonen in Devils zone.
Goals for this period are 1 for Moose vs 2 for Devils.
Shots for this period are 11 for Moose vs 9 for Devils.
3rd period
0:01 of 3rd period - Michael McLeod wins face-off versus Logan Shaw in neutral zone.
0:04 of 3rd period - Slapshot by Troy Stetcher.
0:04 of 3rd period - Goal by Troy Stetcher - Moose : 2 - Devils : 6.
0:05 of 3rd period - Miro Aaltonen wins face-off versus Sam Bennett in neutral zone.
1:29 of 3rd period - Dalton Thrower is hit by Michael McLeod and loses puck.
2:00 of 3rd period - Off-side.
2:01 of 3rd period - Reid Boucher wins face-off versus Dominik Kahun in neutral zone.
2:14 of 3rd period - Wrist shot by Reid Boucher.
2:14 of 3rd period - Shot Misses the Net.
2:54 of 3rd period - Snap shot by Sven Baertschi.
2:54 of 3rd period - Deflect By Logan Shaw.
2:54 of 3rd period - Stopped by Filip Gustavsson without a rebound.
2:55 of 3rd period - Miro Aaltonen wins face-off versus Alan Quine in Moose zone.
3:26 of 3rd period - Snap shot by Brett Seney.
3:26 of 3rd period - Stopped by Filip Gustavsson with a rebound.
4:24 of 3rd period - Backhand shot by Ludwig Bystrom.
4:24 of 3rd period - Stopped by Calvin Pickard without a rebound.
4:25 of 3rd period - Alan Quine wins face-off versus Michael McLeod in Devils zone.
4:34 of 3rd period - Slapshot by Valeri Nichushkin.
4:34 of 3rd period - Shot Blocked by Erik Cernak.
4:56 of 3rd period - Erik Cernak is hit by Conor Garland and loses puck.
5:27 of 3rd period - Icing by Pierre-Luc Dubois.
5:28 of 3rd period - Alan Quine wins face-off versus Chase De Leo in Moose zone.
5:31 of 3rd period - Snap shot by Alan Quine.
5:31 of 3rd period - Shot Blocked by Vladislav Gavrikov.
5:41 of 3rd period - Slapshot by Troy Stetcher.
5:41 of 3rd period - Stopped by Calvin Pickard with a rebound.
5:43 of 3rd period - Wrist shot by Carl Grundstrom.
5:43 of 3rd period - Shot Misses the Net.
5:45 of 3rd period - Slapshot by Ludwig Bystrom.
5:45 of 3rd period - Deflect By Chase De Leo.
5:45 of 3rd period - Shot Misses the Net.
5:45 of 3rd period - Puck is out of play.
5:46 of 3rd period - Miro Aaltonen wins face-off versus Sam Bennett in Devils zone.
5:47 of 3rd period - Slapshot by Frank Vatrano.
5:47 of 3rd period - Goal by Frank Vatrano - Moose : 3 - Devils : 6.
5:48 of 3rd period - Sam Bennett wins face-off versus Miro Aaltonen in neutral zone.
6:01 of 3rd period - Wrist shot by Sam Bennett.
6:01 of 3rd period - Goal by Sam Bennett - Moose : 3 - Devils : 7.
6:02 of 3rd period - Sam Bennett wins face-off versus Miro Aaltonen in neutral zone.
6:07 of 3rd period - Slapshot by Logan Shaw.
6:07 of 3rd period - Stopped by Filip Gustavsson with a rebound.
6:09 of 3rd period - Snap shot by Ben Hutton.
6:09 of 3rd period - Stopped by Filip Gustavsson without a rebound.
6:10 of 3rd period - Sam Bennett wins face-off versus Miro Aaltonen in Moose zone.
6:28 of 3rd period - Icing by Ludwig Bystrom.
6:29 of 3rd period - Alan Quine wins face-off versus Miro Aaltonen in Moose zone.
6:45 of 3rd period - Slapshot by Alan Quine.
6:45 of 3rd period - Shot Misses the Net.
7:06 of 3rd period - Slapshot by Iiro Pakarinen.
7:06 of 3rd period - Stopped by Calvin Pickard with a rebound.
7:41 of 3rd period - Off-side.
7:42 of 3rd period - Miro Aaltonen wins face-off versus Alan Quine in neutral zone.
7:55 of 3rd period - Wrist shot by Miro Aaltonen.
7:55 of 3rd period - Deflect By Valeri Nichushkin.
7:55 of 3rd period - Shot Misses the Net.
7:55 of 3rd period - Puck is out of play.
7:56 of 3rd period - Sam Bennett wins face-off versus Miro Aaltonen in Devils zone.
8:05 of 3rd period - Slapshot by Sam Bennett.
8:05 of 3rd period - Stopped by Filip Gustavsson with a rebound.
8:09 of 3rd period - Wrist shot by Logan Shaw.
8:09 of 3rd period - Stopped by Filip Gustavsson with a rebound.
8:11 of 3rd period - Slapshot by Ben Hutton.
8:11 of 3rd period - Shot Blocked by Miro Aaltonen.
9:00 of 3rd period - Slapshot by Troy Stetcher.
9:00 of 3rd period - Shot Misses the Net.
9:04 of 3rd period - Wrist shot by Miro Aaltonen.
9:04 of 3rd period - Stopped by Calvin Pickard without a rebound.
9:05 of 3rd period - Miro Aaltonen wins face-off versus Sam Bennett in Devils zone.
9:18 of 3rd period - Snap shot by Miro Aaltonen.
9:18 of 3rd period - Shot Blocked by Ben Hutton.
9:32 of 3rd period - Vladislav Gavrikov is hit by Alan Quine and loses puck.
9:52 of 3rd period - Icing by Dalton Thrower.
9:53 of 3rd period - Reid Boucher wins face-off versus Chase De Leo in Devils zone.
9:53 of 3rd period - Reid Boucher is hit by Pierre-Luc Dubois.
10:05 of 3rd period - Snap shot by Chase De Leo.
10:05 of 3rd period - Shot Blocked by Brett Seney.
10:07 of 3rd period - Slapshot by Mirco Mueller.
10:07 of 3rd period - Stopped by Calvin Pickard with a rebound.
10:09 of 3rd period - Slapshot by Erik Cernak.
10:09 of 3rd period - Shot Misses the Net.
10:11 of 3rd period - Backhand shot by Mirco Mueller.
10:11 of 3rd period - Stopped by Calvin Pickard with a rebound.
10:17 of 3rd period - Wrist shot by Chase De Leo.
10:17 of 3rd period - Stopped by Calvin Pickard without a rebound.
10:18 of 3rd period - Michael McLeod wins face-off versus Sam Bennett in Devils zone.
10:21 of 3rd period - Snap shot by Miro Aaltonen.
10:21 of 3rd period - Stopped by Calvin Pickard without a rebound.
10:22 of 3rd period - Sam Bennett wins face-off versus Miro Aaltonen in Devils zone.
10:31 of 3rd period - Miro Aaltonen is hit by Sam Bennett and loses puck.
11:47 of 3rd period - Snap shot by Frank Vatrano.
11:47 of 3rd period - Shot Misses the Net.
11:49 of 3rd period - Wrist shot by Miro Aaltonen.
11:49 of 3rd period - Shot Hit the Post.
11:51 of 3rd period - Snap shot by Michael McLeod.
11:51 of 3rd period - Shot Misses the Net.
11:53 of 3rd period - Slapshot by Vladislav Gavrikov.
11:53 of 3rd period - Stopped by Calvin Pickard with a rebound.
12:22 of 3rd period - Wrist shot by Logan Shaw.
12:22 of 3rd period - Stopped by Filip Gustavsson with a rebound.
13:02 of 3rd period - Slapshot by Frank Vatrano.
13:02 of 3rd period - Stopped by Calvin Pickard with a rebound.
13:04 of 3rd period - Wrist shot by Frank Vatrano.
13:04 of 3rd period - Stopped by Calvin Pickard with a rebound.
13:34 of 3rd period - Slapshot by Miro Aaltonen.
13:34 of 3rd period - Shot Blocked by Christian Wolanin.
13:36 of 3rd period - Snap shot by Frank Vatrano.
13:36 of 3rd period - Stopped by Calvin Pickard without a rebound.
13:37 of 3rd period - Alan Quine wins face-off versus Dominik Kahun in Devils zone.
13:44 of 3rd period - Alan Quine is hit by Iiro Pakarinen and loses puck.
14:06 of 3rd period - Ludwig Bystrom is hit by Brandon Carlo and loses puck.
14:13 of 3rd period - Snap shot by Chase De Leo.
14:13 of 3rd period - Stopped by Calvin Pickard without a rebound.
14:14 of 3rd period - Chase De Leo wins face-off versus Alan Quine in Devils zone.
14:39 of 3rd period - Brett Seney is hit by Erik Cernak.
15:20 of 3rd period - Icing by Brandon Carlo.
15:21 of 3rd period - Alan Quine wins face-off versus Chase De Leo in Devils zone.
15:42 of 3rd period - Wrist shot by Ben Hutton.
15:42 of 3rd period - Deflect By Reid Boucher.
15:42 of 3rd period - Shot Misses the Net.
15:42 of 3rd period - Puck is out of play.
15:43 of 3rd period - Dominik Kahun wins face-off versus Reid Boucher in Moose zone.
15:45 of 3rd period - Minor Penalty to Ludwig Bystrom for Delaying the game.
15:46 of 3rd period - Sam Bennett wins face-off versus Nikolay Goldobin in Moose zone.
16:12 of 3rd period - Nikolay Goldobin is hit by Alan Quine and loses puck.
17:20 of 3rd period - Sven Baertschi is hit by Frank Vatrano and loses puck.
17:35 of 3rd period - Reid Boucher is hit by Iiro Pakarinen and loses puck.
17:45 of 3rd period - Penalty to Ludwig Bystrom is over, Ludwig Bystrom is back on ice.
17:48 of 3rd period - Dominik Kahun is hit by Reid Boucher and loses puck.
17:57 of 3rd period - Snap shot by Conor Garland.
17:57 of 3rd period - Shot Misses the Net.
18:11 of 3rd period - Snap shot by Jeremy Bracco.
18:11 of 3rd period - Goal by Jeremy Bracco - Moose : 4 - Devils : 7.
18:12 of 3rd period - Alan Quine wins face-off versus Miro Aaltonen in neutral zone.
18:51 of 3rd period - Erik Cernak is hit by Alan Quine and loses puck.
19:12 of 3rd period - Wrist shot by Carl Grundstrom.
19:12 of 3rd period - Deflect By Chase De Leo.
19:12 of 3rd period - Shot Misses the Net.
19:12 of 3rd period - Puck is out of play.
19:13 of 3rd period - Sam Bennett wins face-off versus Miro Aaltonen in Devils zone.
19:26 of 3rd period - Wrist shot by Logan Shaw.
19:26 of 3rd period - Shot Blocked by Miro Aaltonen.
19:40 of 3rd period - Darren Dietz is hit by Iiro Pakarinen and loses puck.
19:41 of 3rd period - Darren Dietz from Devils is injured at 19:41 of 3rd period (Broken Left Index Finger).
19:42 of 3rd period - Dominik Kahun wins face-off versus Sam Bennett in Devils zone.
Goals for this period are 3 for Moose vs 1 for Devils.
Shots for this period are 16 for Moose vs 8 for Devils.